cohdb
Replays
Latest Replays
All Replays
Popular Replays
Top Player Replays
Match Explorer
How It Works
Community
CoH3 Stats
Reddit
Sign in to upload your games and track your stats! →
Sign in with Steam
Match 37540743
Unlisted
Match 37540743
Overview
Messages
Build Orders
End
Vickers Machine Gun Team
Construct Section Command Post
Infantry Section
Selects Heavy Armor Battlegroup
Infantry Section
Selects Rigorous Vehicle Training
Construct Platoon Command Post
Humber Armored Car
6-pounder Anti-tank Gun Team
Construct Company Command Post
Unlock M3 Grant Medium Tanks
Selects Crusader AA Medium Tank
M3 Grant Medium Tank
M3 Grant Medium Tank
Armored Vehicle Training
Foot Guards Section
M3 Grant Medium Tank
Selects Light Vehicle Withdraw and Refit
Selects Forward Repair Assembly
PnutSCrosant
Sleepingpigs
用冈本算不算穿和服
MuniekPL
Husar
TheMightyBob
0
0
Comments
sign in to comment!
No comments posted yet!